 Seeded DCSS version 0.27.1-37-g7b29ead8ac (console) character file.

Game seed: 18074247597352881499 (custom seed)

98457 grimtooth the Unseen (level 15, -4/93 HPs)
             Began as a Vampire Enchanter on July 4, 2023.
             Was the Champion of Kikubaaqudgha.
             Killed from afar by an ironbound frostheart (29 damage)
             ... by creeping frost
             ... in an ice cave on July 7, 2023.
             The game lasted 02:33:47 (29762 turns).

grimtooth the Unseen (Vampire Enchanter)           Turns: 29762, Time: 02:33:47

Health: -4/93      AC: 17    Str:  8    XL:     15   Next: 74%
Magic:  18/24      EV: 16    Int: 28    God:    Kikubaaqudgha [******]
Gold:   889        SH:  7    Dex: 14    Spells: 14/26 levels left

rFire    + + .     SeeInvis +   a - +11 dagger of Talola {spect, rN+}
rCold    + + .     Faith    +   N - +2 buckler
rNeg     + + +     Spirit   .   L - +0 steam dragon scales
rPois    ∞         Reflect  .   (no helmet)
rElec    +         Harm     .   I - +1 cloak {Will+}
rCorr    .         Rampage  .   u - +2 pair of gloves
Will     ++...                  y - +2 pair of boots
Stlth    +++++++++.             e - amulet "Viosezi" {Faith Fragile +Inv rElec rF++}
HPRegen  0.00/turn              F - +4 ring of protection
MPRegen  0.19/turn              J - +6 ring of intelligence

@: bloodless, inhibited regen
A: bloodless, fangs 3, see invisible, vampiric 2, clumsy 1
a: Bat Form, Revivify, Renounce Religion, Evoke Invisibility, Receive Corpses,
Torment, Brand Weapon With Pain, Receive Forbidden Knowledge


You were in an ice cave.
You worshipped Kikubaaqudgha.
Kikubaaqudgha was exalted by your worship.
You visited 3 branches of the dungeon, and saw 22 of its levels.
You also visited: Bailey and Ice Cave.

You collected 1998 gold pieces.
You spent 1109 gold pieces at shops.

Inventory:

Hand Weapons
 a - the +11 dagger of Talola (weapon) {spect, rN+}
   (You found it on level 5 of the Dungeon)

   When its wielder attacks, the weapon's spirit leaps out and strikes again.
   The spirit shares a part of any damage it takes with its wielder.
   rN:        It protects you from negative energy.
 b - the +8 short sword "Faxzurud" {speed, Will+ Dex+5 Stlth+}
   (You found it on level 6 of the Dungeon)

   Attacks with this weapon are significantly faster.
   Dex:       It affects your dexterity (+5).
   Will:      It increases your willpower.
   Stlth:     It makes you more stealthy.
Missiles
 j - 10 poisoned darts
 Q - 6 throwing nets {=f}
 X - 3 curare-tipped darts (quivered)
Armour
 c - +0 ice dragon scales
 u - a +2 pair of gloves (worn)
 y - a +2 pair of boots (worn)
 I - a +1 cloak of willpower (worn)
 L - +0 steam dragon scales (worn)
 N - a +2 buckler (worn)
Jewellery
 e - the amulet "Viosezi" (around neck) {Faith Fragile +Inv rElec rF++}
   (You found it on level 13 of the Dungeon)

   [amulet of faith]

   It allows you to gain divine favour quickly.
   rF:        It greatly protects you from fire.
   rElec:     It insulates you from electricity.
   +Inv:      It lets you turn invisible.
   Fragile:   It will be destroyed if unequipped.
 h - a ring of magical power
 w - a ring of poison resistance
 F - a +4 ring of protection (left hand)
 J - a +6 ring of intelligence (right hand)
 Y - an amulet of regeneration
Wands
 t - a wand of iceblast (21)
 A - a wand of charming (6)
 B - a wand of acid (8)
 E - a wand of polymorph (9)
 V - a wand of paralysis (12)
Scrolls
 d - 2 scrolls of fear
 f - 2 scrolls of vulnerability
 i - a scroll of amnesia
 k - a scroll of identify {@r4}
 m - 7 scrolls of teleportation
 p - a scroll of silence
 r - 2 scrolls of magic mapping
 C - 9 scrolls of fog {unknown}
 D - 4 scrolls of summoning
 K - 2 scrolls of blinking
 W - a scroll of brand weapon {unknown}
Potions
 g - 6 potions of heal wounds
 n - 13 potions of curing
 o - 7 potions of might
 s - 2 potions of brilliance
 x - 2 potions of haste
 z - 7 potions of flight
 G - a potion of magic
 M - 5 potions of cancellation
 P - 2 potions of resistance
 R - 4 potions of berserk rage
 S - 2 potions of ambrosia


   Skills:
 * Level 10.9 Fighting
 + Level 8.1(10.2) Short Blades
 + Level 8.9(10.1) Long Blades
 - Level 9.0 Dodging
 - Level 20.0 Stealth
 - Level 6.0 Shields
 - Level 6.0 Spellcasting
 - Level 15.0 Hexes
 - Level 12.0 Necromancy


You had 14 spell levels left.
You knew the following spells:

 Your Spells              Type           Power      Damage    Failure   Level
a - Corona                Hex            83%        N/A       0%          1
b - Ensorcelled Hibernat  Hex/Ice        100%       N/A       1%          2
c - Tukima's Dance        Hex            75%        N/A       1%          3
d - Vampiric Draining     Necr           33%        2d10      1%          3
z - Confusing Touch       Hex            75%        N/A       1%          3

Your spell library contained the following spells:

 Spells                   Type           Power      Damage    Failure   Level
 Pain                     Necr           100%       1d9       1%          1
 Corpse Rot               Necr/Air       N/A        N/A       1%          2
 Sublimation of Blood     Necr           33%        N/A       1%          2
 Dazzling Flash           Conj/Hex       100%       N/A       1%          3
 Animate Dead             Necr           33%        N/A       1%          4
 Dispel Undead            Necr           66%        3d23      1%          4
 Agony                    Necr           66%        N/A       1%          5
 Fulminant Prism          Conj/Hex       25%        3d14      2%          4
 Beastly Appendage        Tmut           16%        N/A       6%          1
 Magic Dart               Conj           32%        1d4       6%          1
 Sting                    Tmut/Pois      32%        1d4       6%          1
 Death Channel            Necr           33%        N/A       7%          6
 Metabolic Englaciation   Hex/Ice        25%        N/A       8%          5
 Call Imp                 Summ           8%         N/A       9%          2
 Poisonous Vapours        Pois/Air       16%        N/A       9%          2
 Wereblood                Tmut           8%         N/A       9%          2
 Borgnjor's Vile Clutch   Necr/Erth      21%        N/A       14%         5
 Ignite Poison            Fire/Tmut/Pois 8%         N/A       19%         3
 Mephitic Cloud           Conj/Pois/Air  8%         N/A       19%         3
 Ozocubu's Armour         Ice            8%         N/A       19%         3
 Spider Form              Tmut/Pois      4%         N/A       19%         3
 Iskenderun's Mystic Bla  Conj/Tloc      8%         2d4       52%         4
 Olgreb's Toxic Radiance  Pois           8%         N/A       52%         4
 Simulacrum               Ice/Necr       21%        N/A       61%         6
 Bolt of Magma            Conj/Fire/Erth 4%         4d5       86%         5
 Shadow Creatures         Summ           N/A        N/A       100%        6
 Starburst                Conj/Fire      4%         6d3       100%        6
 Lehudib's Crystal Spear  Conj/Erth      4%         10d3      100%        8


Dungeon Overview and Level Annotations

Branches:
Dungeon (14/15)            Temple (0/1) D:6            Lair (6/6) D:9
  Swamp (0/4) Lair:4       Spider (0/4) Lair:2          Orc (2/2) D:12
    Elf (0/3) Orc:2        Vaults (0/5) D:13         Bailey (visited)
  IceCv (1/1)
  Slime: Lair:5-6

Altars:
Ashenzari
Cheibriados
Gozag
Kikubaaqudgha
Okawaru
Uskayaw
Beogh

Shops:
D:2 *   D:4 *   D:5 [(   D:10 (   Orc:2 ?*[:

Portals:
Abyss: Orc:1
Pandemonium: Orc:2

Annotations:
D:14 exclusion: vampire mosquito
Lair:1 1 runed translucent door, grimtooth's ghost, journeyman PaAK
Lair:2 3 runed translucent doors, Xudgha's ghost, journeyman MiFi
Lair:4 1 runed translucent door, exclusion: door
Lair:5 exclusion: 3 oklob plants
Lair:6 2 transporters, exclusion: 4 oklob plants, grimtooth's ghost, journeyman MfIE
Orc:1 2 transporters, burt's ghost, journeyman DrCj IceCv exclusions: ironbound frostheart and orange crystal statue


Innate Abilities, Weirdness & Mutations

You do not regenerate when monsters are visible.
You are frail without blood (-20% HP).
You can heal yourself when you bite living creatures.
You are immune to poison.
You have razor-sharp teeth.
You have supernaturally acute eyesight. (SInv)
You are afflicted with vampirism and can become a bat while bloodless.
You are clumsy. (Dex -2)


Message History

The ironbound frostheart is heavily wounded.
Your +11 dagger of Talola {spect, rN+} hits the ironbound frostheart.
The rime drake bites you but does no damage.
You hit the ironbound frostheart but do no damage.
The ironbound frostheart is severely wounded.
Your +11 dagger of Talola {spect, rN+} hits the ironbound frostheart.
The ironbound frostheart calls freezing cold from the walls.
The frost grips you! You partially resist.
The frost grips your +11 dagger of Talola {spect, rN+}!!
Your +11 dagger of Talola {spect, rN+} partially resists.
Your spectral weapon shares its damage with you!
Your +11 dagger of Talola {spect, rN+} fades away.
* * * LOW HITPOINT WARNING * * *
The rime drake bites you.
* * * LOW HITPOINT WARNING * * *
Casting: Ensorcelled Hibernation (safe; 1% risk of failure)
Confirm with . or Enter, or press ? or * to list all spells.
Aiming: Vampiric Draining (safe; 1% risk of failure)
Press: ? - help, Shift-Dir - straight line, f - ironbound frostheart
Aim: an ironbound frostheart, wearing a +0 scale mail (severely wounded, unaware, hasn't noticed you)
You draw life force from the ironbound frostheart!
You feel life coursing into your body!
The rime drake bites you but does no damage.
The ironbound frostheart touches you.
* * * LOW HITPOINT WARNING * * *
The ironbound frostheart freezes you! You resist.
* * * LOW HITPOINT WARNING * * *
Casting: Vampiric Draining (safe; 1% risk of failure)
Confirm with . or Enter, or press ? or * to list all spells.
Aiming: Vampiric Draining (safe; 1% risk of failure)
Press: ? - help, Shift-Dir - straight line, f/p - ironbound frostheart
Aim: an ironbound frostheart, wearing a +0 scale mail (almost dead)
You draw life force from the ironbound frostheart!
You feel life coursing into your body. The ice encasing you melts away.
The rime drake misses you.
The ironbound frostheart calls freezing cold from the walls.
The frost grips you!! You partially resist.
You die...
Kikubaaqudgha rasps: "You have failed me!
Welcome... oblivion!"

# #.....# #.##
####....###.8#
.##....###...##
.......##.....##
#......##......##
###...#.....##..#
##........###.##
#........## #..#
##.......# ##.#
##.....## #.§##
##....# ##@.#
##..## #pk# ####
#..# ##.. #.. #..
###


You could see an ironbound frostheart and a rime drake.

Vanquished Creatures
  Jorgrun (Orc:1)
  Kirke (D:12)
  An orc warlord (Bailey)
  3 dire elephants (Lair:6)
  A fire dragon (D:13)
  3 ice dragons
  Harold (D:7)
  3 boulder beetles
  A centaur warrior (D:14)
  9 hydras
  An ironbound frostheart (IceCv)
  8 death yaks
  A two-headed ogre (D:10)
  A catoblepas (D:13)
  A tengu warrior (D:13)
  8 orc high priests
  Nergalle (Lair:4)
  Sonja (D:11)
  A fire crab (Lair:6)
  A spectral anaconda (Lair:6)
  A torturous demonspawn (Orc:2)
  2 bog bodies (Lair:4)
  A wizard (D:14)
  A lindwurm (Lair:5)
  An obsidian statue (Lair:6)
  A deep elf pyromancer (D:12)
  4 orc knights
  3 necromancers (Lair:6)
  11 ugly things
  5 cyclopes
  7 orc sorcerers
  A manticore (D:13)
  3 slime creatures (D:14)
  7 black mambas
  A torpor snail (shapeshifter) (D:14)
  16 elephants
  A gargoyle (D:13)
  2 dire elephant zombies (Lair:6)
  An orange demon (Orc:2)
  3 unseen horrors
  A cane toad (shapeshifter) (D:13)
  12 cane toads
  Psyche (D:10)
  8 rime drakes
  8 komodo dragons
  2 hellwings (Orc:2)
  5 trolls
  5 polar bears
  A jumping spider (Lair:2)
  A hornet (Lair:4)
  2 spectral elephants (Lair:6)
  9 blink frogs
  11 dream sheep
  2 redbacks (Lair:2)
  2 shadows
  A wyvern (Lair:1)
  8 basilisks
  A wraith (D:12)
  36 yaks
  A fire elemental (D:12)
  3 hogs (D:12)
  2 steam dragons
  2 death yak simulacra (Lair:6)
  3 vampire mosquitoes (D:14)
  A neqoxec (Orc:2)
  9 wargs
  Menkaure (D:5)
  2 swamp worms (Lair:4)
  9 water moccasins
  5 hell hounds (D:12)
  3 ice beasts
  3 black bears
  21 orc warriors
  A sky beast (D:6)
  2 necrophages (D:5)
  An ice beast (shapeshifter) (D:13)
  8 ogres
  3 elephant zombies (Lair:6)
  7 centaurs
  21 wolves
  A phantom (D:5)
  An elephant skeleton (Lair:6)
  Blork the orc (D:6)
  2 gnoll sergeants
  9 bullfrogs
  2 cane toad simulacra (Lair:6)
  3 scorpions
  2 elephant simulacra (Lair:6)
  9 killer bees
  A wight (D:10)
  6 electric eels
  A howler monkey (D:11)
  A bullfrog zombie (D:7)
  4 centaur zombies
  2 jellies (D:6)
  A bullfrog skeleton (D:5)
  A hound (D:6)
  A gnoll shaman (D:10)
  24 orc priests
  Crazy Yiuf (D:4)
  A scorpion zombie (D:3)
  4 iguanas
  20 orc wizards
  6 hell rats (Lair:5)
  A killer bee zombie (D:8)
  A howler monkey zombie (D:9)
  25 gnolls
  9 adders
  A shadow imp (D:8)
  3 ufetubi
  An adder skeleton (D:3)
  3 worms
  2 dart slugs (D:2)
  67 orcs
  5 ball pythons
  5 endoplasms
  3 giant cockroaches
  21 goblins
  20 hobgoblins
  4 jackals
  4 kobolds
  3 quokkas
  4 bats
  2 frilled lizards (D:2)
  7 rats
639 creatures vanquished.

Vanquished Creatures (collateral kills)
  Azrael (D:12)
  A centaur warrior (D:13)
  3 two-headed ogres
  An infernal demonspawn (Orc:2)
  3 orc knights
  An orc sorcerer (Orc:2)
  2 fire elementals (D:12)
  A chaos spawn (Orc:2)
  22 orc warriors
  3 centaurs
  4 ogres
  A gnoll sergeant (D:12)
  2 wights (D:10)
  An electric eel (D:13)
  3 orc priests
  6 gnolls
  9 orcs
  3 goblins (Bailey)
67 creatures vanquished.

Vanquished Creatures (others)
  3 dancing weapons
  A polar bear (IceCv)
  A human (D:12)
  A centaur (D:13)
  An orc priest (D:12)
  An orc wizard (D:12)
  An orc (D:12)
  38 fungi
  42 plants
  6 toadstools (Lair:4)
  17 withered plants (Lair:6)
112 creatures vanquished.

Grand Total: 818 creatures vanquished

Notes
Turn   | Place    | Note
-------+----------+-------------------------------------------
     0 | D:1      | grimtooth the Vampire Enchanter began the quest for the
                  | Orb.
     0 | D:1      | Reached XP level 1. HP: 13/13 MP: 3/3
   429 | D:1      | Reached skill level 5 in Hexes
   456 | D:1      | Reached XP level 2. HP: 19/19 MP: 5/5
   664 | D:2      | Learned a level 2 spell: Ensorcelled Hibernation
   731 | D:2      | Reached skill level 5 in Stealth
   854 | D:2      | Gained mutation: You are afflicted with vampirism and can
                  | become a bat while bloodless. [Vampire growth]
   854 | D:2      | Reached XP level 3. HP: 9/24 MP: 6/6
  1023 | D:2      | Learned a level 3 spell: Confusing Touch
  1349 | D:2      | Found Fixi's General Store.
  1945 | D:3      | Reached XP level 4. HP: 20/30 MP: 7/7
  2041 | D:3      | Reached skill level 6 in Stealth
  2514 | D:3      | Noticed a scorpion
  2515 | D:3      | Found a broken altar of Ashenzari.
  2772 | D:3      | Reached XP level 5. HP: 35/35 MP: 8/8
  3297 | D:3      | Found an iron altar of Okawaru.
  3490 | D:3      | Reached skill level 7 in Stealth
  3490 | D:3      | Reached XP level 6. HP: 37/41 MP: 9/9
  3796 | D:3      | Found an opulent altar of Gozag.
  4228 | D:4      | Noticed a two-headed ogre
  4524 | D:4      | Found a snail-covered altar of Cheibriados.
  4530 | D:4      | Learned a level 3 spell: Tukima's Dance
  4551 | D:4      | Reached skill level 8 in Stealth
  4582 | D:4      | Killed a two-headed ogre
  4583 | D:4      | Reached skill level 11 in Stealth
  4583 | D:4      | Reached XP level 7. HP: 34/46 MP: 10/10
  4925 | D:4      | Found a runed translucent door.
  4926 | D:4      | Noticed Crazy Yiuf
  5034 | D:4      | Found Meakhlot's General Store.
  5108 | D:5      | Entered Level 5 of the Dungeon
  5143 | D:5      | Reached XP level 8. HP: 52/52 MP: 11/11
  5241 | D:5      | Reached skill level 10 in Hexes
  5246 | D:5      | You fall into a shaft and drop 3 floors!
  5497 | D:8      | Reached skill level 12 in Stealth
  5772 | D:6      | Found a staircase to the Ecumenical Temple.
  5914 | D:5      | Noticed Menkaure
  5920 | D:5      | Identified the +11 dagger of Talola {spect, rN+}
  5958 | D:5      | Found Xutupter's Antique Armour Shop.
  6286 | D:5      | Found an ancient bone altar of Kikubaaqudgha.
  6296 | D:5      | Found Lijiavao's Weapon Boutique.
  6319 | D:5      | Became a worshipper of Kikubaaqudgha
  6707 | D:5      | Reached XP level 9. HP: 57/57 MP: 12/12
  7029 | D:5      | Reached skill level 13 in Stealth
  7296 | D:6      | Noticed Blork the orc
  7690 | D:6      | Reached * piety under Kikubaaqudgha
  7690 | D:6      | Received a gift from Kikubaaqudgha
  7691 | D:6      | Reached skill level 5 in Short Blades
  7729 | D:6      | Identified the +8 short sword "Faxzurud" {speed, Will+
                  | Dex+5 Stlth+}
  7893 | D:4      | Killed Crazy Yiuf
  8398 | D:5      | Found an ancient bone altar of Kikubaaqudgha.
  8470 | D:5      | Found Lijiavao's Weapon Boutique.
  8594 | D:5      | Found Xutupter's Antique Armour Shop.
  8644 | D:5      | Killed Menkaure
  8704 | D:6      | Killed Blork the orc
  8721 | D:7      | Noticed a +0 falchion
  8722 | D:7      | Noticed a +0 spear
  8722 | D:7      | Noticed a +0 spear
  8722 | D:7      | Noticed a +0 short sword
  8722 | D:7      | Noticed a +0 short sword
  8723 | D:7      | Noticed a +0 falchion
  8723 | D:7      | Noticed a +0 dagger
  8724 | D:7      | Noticed a +0 dagger
  8729 | D:7      | Found a hide-covered altar of Uskayaw.
  9007 | D:7      | Noticed Harold
  9282 | D:8      | Reached skill level 14 in Stealth
  9722 | D:8      | Reached skill level 1 in Fighting
  9722 | D:8      | Reached XP level 10. HP: 65/65 MP: 13/13
  9910 | D:8      | Identified 2 scrolls of acquirement
 10051 | D:9      | Noticed a two-headed ogre
 10497 | D:9      | Found a staircase to the Lair.
 10546 | D:9      | Killed a two-headed ogre
 10779 | D:9      | Reached ** piety under Kikubaaqudgha
 11032 | D:10     | Entered Level 10 of the Dungeon
 11067 | D:10     | Found Fimirhe's Weapon Emporium.
 11112 | D:10     | Noticed a two-headed ogre
 11119 | D:10     | Killed a two-headed ogre
 11123 | D:10     | Noticed Psyche
 11386 | D:10     | Killed Psyche
 11387 | D:10     | Reached skill level 5 in Spellcasting
 11919 | D:2      | Bought a scroll of blinking for 75 gold pieces
 12549 | D:11     | Noticed a boulder beetle
 12556 | D:11     | Reached skill level 15 in Stealth
 12556 | D:11     | Reached XP level 11. HP: 78/78 MP: 19/19
 12585 | D:11     | Killed a boulder beetle
 12586 | D:11     | Reached skill level 5 in Fighting
 12612 | D:11     | Noticed a seven-headed hydra
 12699 | D:11     | Noticed Sonja
 12702 | D:11     | Killed Sonja
 12869 | D:12     | Found a staircase to the Orcish Mines.
 12869 | D:12     | Noticed a two-headed ogre
 12876 | D:12     | Found a flagged portal.
 12895 | Bailey   | Entered a bailey
 13013 | Bailey   | Reached *** piety under Kikubaaqudgha
 13013 | Bailey   | Received a gift from Kikubaaqudgha
 13196 | Bailey   | Noticed an orc knight
 13208 | Bailey   | Killed an orc knight
 13371 | Bailey   | Noticed an orc warlord
 13406 | Bailey   | Noticed an orc knight
 13410 | Bailey   | Killed an orc warlord
 13411 | Bailey   | Reached skill level 15 in Hexes
 13439 | Bailey   | Reached skill level 16 in Stealth
 13439 | Bailey   | Killed an orc knight
 13656 | D:12     | Reached **** piety under Kikubaaqudgha
 13683 | D:12     | Noticed Azrael
 13829 | D:12     | Noticed a deep elf pyromancer
 13847 | D:12     | Killed a deep elf pyromancer
 13848 | D:12     | Reached skill level 17 in Stealth
 14031 | D:12     | Noticed Kirke
 14043 | D:12     | Noticed a red ugly thing
 14110 | D:12     | Noticed a six-headed hydra
 14127 | D:12     | Killed a six-headed hydra
 14295 | D:12     | Killed a red ugly thing
 14296 | D:12     | Reached skill level 18 in Stealth
 14466 | D:12     | Noticed a lindwurm
 14482 | D:12     | Killed Kirke
 14483 | D:12     | Reached XP level 12. HP: 44/88 MP: 14/21
 14667 | D:12     | Reached skill level 19 in Stealth
 14686 | D:12     | Killed a two-headed ogre
 14766 | D:12     | Killed Azrael
 14963 | Orc:1    | Entered Level 1 of the Orcish Mines
 15054 | Lair:1   | Entered Level 1 of the Lair of Beasts
 15084 | D:9      | Learned a level 3 spell: Vampiric Draining
 15225 | Lair:1   | Reached skill level 1 in Necromancy
 15322 | Lair:1   | Found a runed translucent door.
 15327 | Lair:1   | Noticed grimtooth's ghost (journeyman PaAK)
 15656 | Lair:1   | Reached skill level 20 in Stealth
 15877 | Lair:1   | Identified the +4 quarterstaff of Ynoxuot {antimagic, *Slow
                  | Will+ Int+2 Dex+10}
 16362 | Lair:2   | Found a hole to the Spider Nest.
 16461 | Lair:2   | Found a runed translucent gate.
 16462 | Lair:2   | Found a runed translucent gate.
 16463 | Lair:2   | Found a runed translucent gate.
 16505 | Lair:2   | Reached skill level 5 in Necromancy
 16512 | Lair:2   | Reached ***** piety under Kikubaaqudgha
 16784 | Lair:2   | Noticed a minotaur
 16812 | Lair:2   | Noticed Xudgha's ghost (journeyman MiFi)
 17430 | Lair:3   | Noticed a death yak
 17430 | Lair:3   | Noticed a death yak
 17431 | Lair:3   | Noticed a death yak
 17431 | Lair:3   | Noticed a death yak
 17598 | Lair:3   | Reached XP level 13. HP: 92/99 MP: 14/22
 19083 | Lair:4   | Reached skill level 10 in Necromancy
 19344 | Lair:4   | Found the +10 Black Knight's barding {ponderous, rPois rN+}
 19700 | Lair:4   | Noticed Nergalle
 19785 | Lair:4   | Found a staircase to the Swamp.
 20069 | Lair:4   | Killed Nergalle
 20336 | Lair:4   | Noticed a dire elephant
 20351 | Lair:4   | Found a runed translucent door.
 20736 | Lair:5   | Reached skill level 1 in Shields
 21027 | Lair:5   | Identified the +5 flail "Qoxaw" {flame, SInv}
 21733 | Lair:6   | Entered Level 6 of the Lair of Beasts
 21851 | Lair:6   | - nice landing
 21892 | Lair:6   | Reached XP level 14. HP: 105/108 MP: 23/23
 22259 | D:12     | Acquired a +2 vampiric demon blade
 22533 | Lair:6   | Reached skill level 5 in Dodging
 22894 | Lair:6   | Found a snail-covered altar of Cheibriados.
 23003 | Lair:6   | Found the +3 pair of seven-league boots {Rampage+∞}
 23011 | Lair:6   | Noticed grimtooth's ghost (journeyman MfIE)
 23057 | Lair:6   | Reached skill level 5 in Shields
 23109 | Lair:6   | Reached ****** piety under Kikubaaqudgha
 23120 | Lair:6   | Found a transporter.
 23124 | Lair:6   | Found a transporter.
 24278 | Lair:6   | Reached skill level 1 in Long Blades
 24658 | D:7      | Killed Harold
 24763 | D:5      | Bought a heavy robe for 153 gold pieces
 24763 | D:5      | Identified the +1 robe of Complete Protection {Fly} (You
                  | bought it in a shop on level 5 of the Dungeon)
 25043 | Orc:1    | Found a one-way gate to the infinite horrors of the Abyss.
 25043 | Orc:1    | Noticed burt's ghost (journeyman DrCj)
 25078 | Orc:1    | Found a transporter.
 25083 | Orc:1    | Noticed a starcursed mass
 25222 | Orc:1    | Noticed Jorgrun
 25247 | Orc:1    | Killed Jorgrun
 25298 | Orc:1    | Found a transporter.
 25536 | Orc:1    | Reached skill level 5 in Long Blades
 25704 | Orc:2    | Entered Level 2 of the Orcish Mines
 26020 | Orc:2    | Found a staircase to the Elven Halls.
 26676 | Orc:2    | Found Oteum's Magic Scroll Shop.
 26677 | Orc:2    | Found Bufire Fett's General Store.
 26759 | Orc:2    | Reached XP level 15. HP: 111/113 MP: 20/24
 26766 | Orc:2    | Gained mutation: You are clumsy. (Dex -2) [a neqoxec]
 26841 | Orc:2    | Bought a scroll of identify for 26 gold pieces
 26841 | Orc:2    | Bought a scroll of identify for 26 gold pieces
 26841 | Orc:2    | Bought a scroll of identify for 26 gold pieces
 27409 | Orc:2    | Found Ququl's Antique Armour Shoppe.
 27409 | Orc:2    | Found Bimuttea's Book Emporium.
 27410 | Orc:2    | Found a one-way gate leading to the halls of Pandemonium.
 27607 | Orc:2    | Bought a book of Winter for 340 gold pieces
 27609 | Orc:2    | Bought an embroidered scarf for 224 gold pieces
 27641 | Orc:2    | Bought a scroll of blinking for 97 gold pieces
 27641 | Orc:2    | Bought a scroll of fear for 45 gold pieces
 27641 | Orc:2    | Bought a scroll of enchant armour for 97 gold pieces
 27774 | D:13     | Identified the +5 broad axe of Extinguishment {chaos, rPois
                  | rN++ Int+4}
 28327 | D:13     | Reached skill level 10 in Fighting
 28444 | D:13     | Identified the amulet "Viosezi" {Faith Fragile +Inv rElec
                  | rF++}
 28610 | D:13     | Found a gate to the Vaults.
 29104 | D:14     | - this portal is crazy inconvenient
 29221 | D:14     | Got the Tome of Harmful Dark Arts
 29397 | D:14     | Found a frozen archway.
 29425 | IceCv    | Entered an ice cave
 29762 | IceCv    | Killed from afar by an ironbound frostheart

Illustrated notes ♣♣♣ ♣@♣ ♣♣8♣ ♣.♣ .P# ..♣ ..# Z# ZZ Turn 21851 on Lair:6: - nice landing

,,,,* *,* *,#... ,,,,* *,* #.....
,,,,* *#.#*****##.### ,,,,*
*#!.#*,,,,,..,,, *,******
###...**,***###$## ,,,,,,,*
#....,,*,* *y.# ,,,,,,,*
#..y,,,,,* *#.# ,,,,,,,*
#≈≈≈≈≈≈≈** *.. *,**********
#.#***,** *#. *,* *,,,* #.# *,*
#.
*,******,*,*####@####.###########
*,,,,,,,,*,*#<......#.##..,...#.$
**********,*####.#.##.##.####.###
*,,,,,#.#.##.##.#..#...#
****,*#.#.##.##.#..##...
*,*#.#.##.##.#..##..#
*,*#.#.##....#..##..#
*,*#.#..............#
*,*#^####.#####.##^.#
*,**,,,.....,.......#
*,****###############


Turn 29104 on D:14: - this portal is crazy inconvenient

Levels and vault maps discovered:
D:1:      amcnicky_arrival_single_pillar, layout_loops_ring
D:2:      layout_basic, serial_shops, nicolae_lakefront_shop, minmay_tromino_v7
D:3:      layout_basic, okawaru_altar_gauntlet_db, marbit_many_paths,
          cheibrodos_ashenzari_chains, serial_park_tiny_2,
          minmay_randomly_rotated_circles
D:4:      layout_loops_ring, nicolae_overflow_crystal_walls, serial_shops, shop,
          uniq_crazy_yiuf_cottage
D:5:      layout_loops_corners, mainiacjoe_overflow_alcove_2, serial_shops,
          shop, nicolae_take_the_stairs, uniq_menkaure
D:6:      layout_basic, minmay_temple_entry_sparse_star,
          amcnicky_mini_pool_small, minmay_misc_feat_ornament,
          uniq_blork_the_orc
D:7:      layout_basic, nicolae_uskayaw_en_pointe, uniq_harold, uniq_pikel
D:8:      layout_loops_cross
D:9:      layout_cave_pods, erik_lair_orcish_takeover
D:10:     layout_big_octagon, nicolae_stop_n_shop_2, grunt_ministairs_1,
          dk_vineyard_3, uniq_psyche
D:11:     layout_gridville, uniq_sonja
D:12:     layout_rooms, minmay_orc_entry_temple_small, enter_bailey_1,
          uniq_kirke, uniq_azrael
D:13:     layout_small_grid, david_vaults_4, minmay_crystal_water
D:14:     layout_basic, portal_ice_cave_entry_dragon, serial_rivers,
          chequers_serial_rivers_room_b, chequers_serial_rivers_micro_d,
          chequers_serial_rivers_micro_e, chequers_serial_rivers_micro_e,
          chequers_serial_rivers_room_b
Lair:1:   layout_chaotic_city, ebering_ghost_inner_flame, st_stairs_8,
          fungi_pond_lemuel, beast_lair_carwin_11
Lair:2:   layout_cave_pods, spider_nest_entry_a, maelrawn_ghost_gauntlet_escape,
          lemuel_fruit_tree
Lair:3:   layout_roguey, grunt_megastairs_2
Lair:4:   gammafunk_lair_enchanted_lake, layout_hall_layers,
          nicolae_swamp_entry_splash_gauntlet, patterned_corridor, uniq_nergalle
Lair:5:   layout_long_grid, minmay_lair_oklob_chamber, serial_bayou_shore_b
Lair:6:   due_jungle_book, layout_regular_city,
          minmay_slime_entry_oklob_enclosed, gammafunk_ghost_hive, basic_altar,
          disabler_island, infiniplex_staircase_pool_2
Orc:1:    layout_diamond_mine, gammafunk_ghost_abyssal_escape, uniq_jorgrun
Orc:2:    pf_orc_diabolical, layout_caves, bh_open_orc_temple
IceCv:    ice_cave_small_giant

Skill      XL: |  1  2  3  4  5  6  7  8  9 10 11 12 13 14 15 |
---------------+----------------------------------------------+-----
Hexes          | 5 6 7 8 9 11 13 14 15 | 15.0
Stealth        | 5 6 7 11 12 14 15 18 20 | 20.0
Short Blades   | 3 6 8 |  8.1
Fighting       | 1 4 6 8 9 10 | 10.9
Spellcasting   | 5 6 |  6.0
Necromancy     | 6 12 | 12.0
Shields        | 2 6 |  6.0
Dodging        | 4 9 |  9.0
Long Blades    | 6 8 |  8.9

Action                   |  1- 3 |  4- 6 |  7- 9 | 10-12 | 13-15 || total
-------------------------+-------+-------+-------+-------+-------++-------
Melee: Dagger            |    89 |   107 |   103 |   366 |   752 ||  1417
       Bite              |    11 |    12 |    11 |    29 |   117 ||   180
       Short sword       |       |       |    22 |    40 |   264 ||   326
Throw: Stone             |     1 |     3 |     1 |     4 |     5 ||    14
       Dart              |       |       |       |       |     2 ||     2
 Cast: Corona            |    11 |    18 |     6 |    13 |       ||    48
       Ensorcelled Hiber |    15 |    54 |    39 |    98 |   168 ||   374
       Confusing Touch   |     1 |     6 |    12 |    18 |    68 ||   105
       Tukima's Dance    |       |     2 |     2 |    25 |    42 ||    71
       Vampiric Draining |       |       |       |       |     7 ||     7
 Abil: Exsanguinate      |       |       |       |       |     1 ||     1
Evoke: Wand              |       |       |       |       |     1 ||     1
  Use: Potion            |     3 |       |       |     2 |     3 ||     8
       Scroll            |       |       |     2 |    18 |    11 ||    31
 Stab: Sleeping          |    19 |    31 |    41 |    65 |   101 ||   257
       Confused          |     2 |     2 |     9 |     8 |    79 ||   100
       Distracted        |     1 |       |       |     6 |    18 ||    25
       Petrified         |       |       |       |       |     1 ||     1
Armor: Robe              |    14 |    18 |    18 |       |       ||    50
       Steam dragon scal |       |       |     2 |   122 |   268 ||   392
Dodge: Dodged            |    53 |    52 |    53 |   153 |   405 ||   716
Block: Buckler           |       |       |       |       |   244 ||   244
